 Dungeon Crawl Stone Soup version 0.23-a0-899-gbbae0a3 (webtiles) character file.

297510 Ijustatesigmund the Executioner (level 20, -3/184 HPs)
             Began as a Hill Orc Fighter on Jan 25, 2019.
             Was the Champion of Cheibriados.
             Killed from afar by Margery (34 damage)
             ... with a fireball
             ... on level 2 of the Vaults on Jan 29, 2019.
             The game lasted 02:07:53 (38554 turns).

Ijustatesigmund the Executioner (Hill Orc Fighter) Turns: 38554, Time: 02:07:54

Health: -3/184     AC: 41    Str: 34    XL:     20   Next: 94%
Magic:  31/31      EV: 14    Int: 26    God:    Cheibriados [******]
Gold:   2135       SH: 17    Dex: 36    Spells: 14/19 levels left

rFire    . . .     SeeInvis .   D - +9 broad axe (chop)
rCold    + . .     Gourm    .   c - +1 shield
rNeg     . . .     Faith    .   J - +4 crystal plate armour {rC+}
rPois    +         Spirit   .   k - +2 hat
rElec    .         Reflect  .   N - +2 cloak "Voeryu" {Regen+ Int-3 Dex+4}
rCorr    .         Harm     .   t - +1 pair of gloves of the Tarantula {Str-3 Int+4 Dex+5}
MR       ++...                  (no boots)
Stlth    ..........             j - amulet of the acrobat
HPRegen  0.80/turn              K - ring of poison resistance
MPRegen  0.22/turn              R - +4 ring of protection

@: very slow
A: horns 1, dopey 1, magic resistance 1
}: 2/15 runes: decaying, serpentine
a: Bend Time, Temporal Distortion, Slouch, Step From Time, Renounce Religion


You were on level 2 of the Vaults.
You worshipped Cheibriados.
Cheibriados was exalted by your worship.
You were not hungry.

You visited 7 branches of the dungeon, and saw 34 of its levels.
You visited 1 bazaar.
You also visited: Bailey, Gauntlet and Ice Cave.

You collected 5712 gold pieces.
You spent 3577 gold pieces at shops.

Inventory:

Hand Weapons
 D - a +9 broad axe of chopping (weapon)
 O - a +4 eveningstar of draining
 S - the +7 demon whip "Impbane" {antimagic, rF++}
   (You found it in an ice cave)

   It reduces the magical energy of the wielder, and disrupts the spells and
   magical abilities of those hit.
   Natural abilities and divine invocations are not affected.
   It greatly protects you from fire.
Missiles
 P - 18 silver javelins (quivered)
Armour
 c - a +1 shield (worn)
 e - the +2 chain mail of the Wilderness {Str+2}
   (You found it on level 6 of the Lair of Beasts)

   It affects your strength (+2).
 k - a +2 hat (worn)
 t - the +1 pair of gloves of the Tarantula (worn) {Str-3 Int+4 Dex+5}
   (You found it in a Gauntlet)

   It affects your strength (-3).
   It affects your intelligence (+4).
   It affects your dexterity (+5).
 J - a +4 crystal plate armour of cold resistance (worn)
 N - the +2 cloak "Voeryu" (worn) {Regen+ Int-3 Dex+4}
   (You found it in a Gauntlet)

   It affects your intelligence (-3).
   It affects your dexterity (+4).
   It increases your rate of regeneration.
Jewellery
 b - a +3 ring of evasion
 j - an amulet of the acrobat (around neck)
 m - an uncursed ring of ice
 x - an uncursed ring of see invisible
 A - a cursed ring of attention {unknown}
 E - an uncursed ring of fire
 K - a ring of poison resistance (left hand)
 R - a +4 ring of protection (right hand)
 T - an uncursed ring of resist corrosion
Wands
 q - a wand of paralysis (9)
 B - a wand of iceblast (25)
 F - a wand of scattershot (4)
 U - a wand of acid (30)
 X - a wand of digging (4)
Scrolls
 d - 6 scrolls of remove curse
 h - 10 scrolls of teleportation
 n - a scroll of silence
 p - 8 scrolls of amnesia
 s - 2 scrolls of fog
 u - 3 scrolls of holy word
 w - 2 scrolls of enchant weapon
 y - 4 scrolls of immolation
 z - 5 scrolls of fear
 I - a scroll of summoning
 M - 7 scrolls of identify
 Z - 4 scrolls of blinking
Potions
 g - 5 potions of lignification
 i - 6 potions of agility
 l - 13 potions of curing
 o - 7 potions of mutation
 r - 4 potions of might
 v - 5 potions of brilliance
 G - 7 potions of flight
 H - 3 potions of ambrosia
 Q - 2 potions of invisibility
 V - 5 potions of magic
 W - 2 potions of resistance
 Y - 4 potions of heal wounds
Comestibles
 f - 55 rations


   Skills:
 - Level 17.0 Fighting
 + Level 23.1 Axes
 + Level 17.6 Armour
 - Level 7.5 Dodging
 - Level 11.9 Shields
 + Level 6.8 Summonings
 - Level 11.6 Translocations
 - Level 15.3 Invocations
 - Level 9.1 Evocations


You had 14 spell levels left.
You knew the following spells:

 Your Spells              Type           Power        Failure   Level  Hunger
a - Apportation           Tloc           ######       1%          1    ##.....
b - Lesser Beckoning      Tloc           ######....   4%          3    ####...
c - Summon Butterflies    Summ           #####...     11%         1    ##.....

Your spell library contained the following spells:

 Spells                   Type           Power        Failure   Level  Hunger
 Shroud of Golubria       Chrm/Tloc      ####......   26%         2    ###....
 Infusion                 Chrm           #...         87%         1    ##.....
 Pain                     Necr           #...         87%         1    ##.....
 Sandblast                Erth           #.....       87%         1    ##.....
 Passwall                 Tmut/Erth      #.......     95%         2    ###....
 Song of Slaying          Chrm           #.......     95%         2    ###....
 Sublimation of Blood     Necr           #.........   95%         2    ###....
 Regeneration             Chrm/Necr      #.........   99%         3    ####...
 Spectral Weapon          Hex/Chrm       #.......     99%         3    ####...
 Stone Arrow              Conj/Erth      #.....       99%         3    ####...
 Tukima's Dance           Hex            #.......     99%         3    ####...
 Animate Dead             Necr           N/A          100%        4    #####..
 Petrify                  Tmut/Erth      #.......     100%        4    #####..
 Alistair's Intoxication  Tmut/Pois      #.......     100%        5    ######.
 Lee's Rapid Deconstruct  Erth           #.........   100%        5    ######.
 Invisibility             Hex            #.......     100%        6    #######


Dungeon Overview and Level Annotations

Branches:
Dungeon (15/15)            Temple (0/1) D:6            Lair (6/6) D:8
  Swamp (4/4) Lair:4        Snake (4/4) Lair:4        Slime (0/5) Lair:5
    Orc (2/2) D:9             Elf (1/3) Orc:2        Vaults (2/5) D:13
  Crypt (0/3) Vaults:2     Depths (0/5) D:15

Altars:
Cheibriados
Gozag
Hepliaklqana
Okawaru
Qazlal
Ru
Vehumet
Wu Jian
Xom
Beogh

Shops:
D:4 !   D:8 ?   D:10 !   D:14 *   Orc:2 }[}   Snake:2 :   Vaults:1 (

Portals:
Trove: D:15 (give 2 scrolls of acquirement)

Annotations:
Vaults:2 Margery


Innate Abilities, Weirdness & Mutations

You have a pair of small horns on your head.
You are dopey. (Int -2)
You are resistant to hostile enchantments. (MR+)


Message History

The fireball explodes!
The fireball engulfs you!!!
You hear a sizzling sound!
The fireball engulfs Margery!
Margery resists.
You hear a sizzling sound!
You are too injured to fight recklessly!
You are too injured to fight recklessly!
You are too injured to fight recklessly!
You slice Margery!!
Margery is heavily wounded.
You slash Margery! You headbutt Margery!
Margery is severely wounded.
Margery gestures at you while chanting.
The fireball explodes!
The fireball engulfs you!!
* * * LOW HITPOINT WARNING * * *
The fireball engulfs Margery!!
Margery resists.
You hit Margery but do no damage. You headbutt Margery.
Margery is almost dead.
Margery points at you and mumbles some strange words.
The fireball explodes!
The fireball engulfs you!!
You die...

........# #........#
........# #........#
........# #........#
........# #........#
........# #........#
........# #........#
########'####'#########.
.?......(.......))......
................@@......
................))......
........................
....................^...
)######'##########+#####
).# #......# #.#
#......# ..# #......#
..# #......#


You could see Margery.

Vanquished Creatures
  Sojobo (Vaults:2)
  the Lernaean hydra (Swamp:4)
  Rupert (Snake:1)
  2 Ice Fiends (IceCv)
  The ghost of feelmyfire the Wrestler, an adept TrAr of Zin (Snake:4)
  Asterion (Elf:1)
  A tentacled monstrosity (Swamp:2)
  A sphinx (D:14)
  Kirke (Snake:1)
  A thorn hunter (Swamp:4)
  Gastronok (Orc:1)
  A revenant (Vaults:2)
  3 tengu reavers
  A shadow dragon (D:12)
  7 nagarajas
  A fire giant (D:14)
  Louise (Elf:1)
  An orc warlord (Orc:2)
  4 vault wardens
  A ghoul (Swamp:3)
  2 ironheart preservers (Vaults:1)
  3 very ugly things (Vaults:1)
  3 stone giants
  Nessos (D:13)
  A dire elephant (D:15)
  A minotaur (Gauntlet)
  Snorg (Lair:6)
  A deep elf death mage (Elf:1)
  An ettin (Orc:1)
  Josephine (Orc:1)
  2 fire dragons (Lair:6)
  A yaktaur captain (Vaults:2)
  17 naga warriors
  9 anacondas
  An ice dragon (Vaults:2)
  2 vault guards
  22 hydras
  2 catoblepae
  2 shambling mangroves
  A death knight (D:12)
  15 two-headed ogres
  A queen ant (Gauntlet)
  6 centaur warriors
  9 alligators
  3 ghost crabs
  2 dancing weapons (Elf:1)
  2 ogre magi (Vaults:2)
  10 death yaks
  2 vampire magi (Vaults:2)
  9 naga sharpshooters
  5 orc high priests (Orc:2)
  4 deep elf knights
  Sonja (D:13)
  6 shock serpents
  3 hell knights (Vaults:2)
  3 salamander mystics
  6 naga ritualists
  A wizard (Vaults:1)
  An unseen horror (D:10)
  8 deep elf archers
  A glowing orange brain (shapeshifter) (Elf:1)
  12 swamp dragons
  A spriggan druid (Swamp:3)
  7 ironbrand convokers
  A wolf spider zombie (D:15)
  4 mana vipers
  3 harpies (Vaults:1)
  6 orc sorcerers
  30 ugly things
  A necromancer (Vaults:2)
  A wolf spider (Lair:6)
  11 orc knights
  18 deep elf magi
  2 manticores
  16 cyclopes
  15 salamanders
  11 elephants
  6 guardian serpents
  29 naga magi
  2 vault sentinels
  2 ice statues (IceCv)
  2 gargoyles
  34 black mambas
  19 spiny frogs
  18 rime drakes
  11 komodo dragons
  16 yaktaurs
  2 tengu conjurers
  14 ice devils (IceCv)
  An efreet (D:15)
  A merfolk (D:15)
  9 polar bears (Lair:6)
  7 trolls
  A harpy zombie (D:14)
  10 hornets
  17 tyrant leeches
  Prince Ribbit (D:7)
  4 hippogriffs
  21 slime creatures
  4 raiju
  7 blink frogs
  22 bog bodies
  9 shadows
  Sigmund (D:6)
  5 spriggans
  A water elemental (Elf:1)
  2 vampires
  55 yaks
  6 wraiths
  8 steam dragons (Lair:6)
  5 hogs
  4 basilisks
  4 wyverns
  A human (D:10)
  A hog (shapeshifter) (Vaults:2)
  A yaktaur simulacrum (Vaults:1)
  Grum (D:11)
  3 hungry ghosts
  7 vampire mosquitoes
  48 nagas
  Edmund (D:6)
  Menkaure (D:6)
  19 insubstantial wisps
  12 wargs
  23 swamp worms
  3 acid dragons
  16 water moccasins
  5 soldier ants (Gauntlet)
  12 hell hounds (Lair:6)
  4 porcupines
  47 orc warriors
  12 swamp drakes
  Duvessa (D:6)
  4 ice beasts
  A hornet zombie (D:15)
  14 black bears
  2 necrophages
  2 phantoms
  3 sky beasts
  An eye of draining (D:13)
  4 boggarts (Vaults:2)
  16 ogres
  57 wolves
  12 centaurs
  15 crocodiles
  2 big kobolds
  18 bullfrogs
  2 earth elementals (Elf:1)
  Dowan (D:6)
  A wyvern skeleton (D:13)
  2 scorpions
  11 killer bees
  7 wights
  An electric eel (Lair:4)
  2 bullfrog zombies
  12 crimson imps
  2 bullfrog skeletons
  9 hounds
  3 centaur zombies
  A human simulacrum (Vaults:2)
  14 orc wizards
  5 centaur skeletons
  29 orc priests
  8 jellies
  8 iguanas
  8 worker ants
  2 lightning spires (Gauntlet)
  A hound skeleton (D:5)
  A howler monkey zombie (D:10)
  2 worker ant zombies
  10 gnolls
  A howler monkey skeleton (D:6)
  13 adders
  7 white imps (IceCv)
  5 ufetubi (IceCv)
  4 oozes
  An adder skeleton (D:4)
  3 worms
  2 dart slugs
  6 leopard geckos
  114 orcs
  5 giant cockroaches
  10 goblins
  10 hobgoblins
  9 jackals
  5 quokkas
  13 bats
  5 frilled lizards
  A jackal skeleton (D:4)
  34 kobolds
  3 rats
  2 briar patches (Swamp:4)
  3 fungi
  3 plants
1473 creatures vanquished.

Vanquished Creatures (others)
  A fire giant (Orc:1)
  A shambling mangrove (Swamp:3)
  2 black mambas (Snake:2)
  A naga mage (Snake:4)
  A rime drake (Lair:6)
  A hornet (Swamp:2)
  An orc warrior (Vaults:2)
  A swamp drake (Swamp:4)
  4 white imps (IceCv)
  An ufetubus (IceCv)
  A briar patch (Swamp:4)
  15 fungi
  16 plants
  17 withered plants (Swamp:3)
63 creatures vanquished.

Grand Total: 1536 creatures vanquished

Notes
Turn   | Place    | Note
-------+----------+-------------------------------------------
     0 | D:1      | Ijustatesigmund the Hill Orc Fighter began the quest for
                  | the Orb.
     0 | D:1      | Reached XP level 1. HP: 19/19 MP: 1/1
    14 | D:1      | Reached skill level 3 in Axes
    94 | D:1      | Reached XP level 2. HP: 24/26 MP: 2/2
   307 | D:1      | Reached skill level 4 in Axes
   727 | D:2      | Reached XP level 3. HP: 31/31 MP: 3/3
   732 | D:2      | Reached skill level 5 in Axes
   737 | D:2      | Reached XP level 4. HP: 35/39 MP: 4/4
   920 | D:2      | Reached skill level 6 in Axes
  1353 | D:3      | Reached XP level 5. HP: 39/45 MP: 5/5
  1391 | D:3      | Found a faded altar of an unknown god.
  1715 | D:3      | Reached skill level 7 in Axes
  1774 | D:3      | Found a shimmering altar of Xom.
  2178 | D:3      | Found an opulent altar of Gozag.
  2183 | D:3      | Found a sacrificial altar of Ru.
  2189 | D:3      | Found a hazy altar of Hepliaklqana.
  2314 | D:4      | Reached XP level 6. HP: 21/52 MP: 6/6
  3300 | D:4      | Found Pottig's Distillery.
  3306 | D:4      | Bought a potion of mutation for 104 gold pieces
  3306 | D:4      | Bought a potion of degeneration for 13 gold pieces
  3308 | D:4      | Gained mutation: You are resistant to hostile enchantments.
                  | (MR+) [potion of mutation]
  3308 | D:4      | Gained mutation: You are dopey. (Int -2) [potion of
                  | mutation]
  3308 | D:4      | Gained mutation: You have a pair of small horns on your
                  | head. [potion of mutation]
  3344 | D:4      | Reached skill level 5 in Fighting
  3849 | D:5      | Entered Level 5 of the Dungeon
  3852 | D:5      | Found an iron altar of Okawaru.
  3859 | D:5      | Reached XP level 7. HP: 57/61 MP: 7/7
  3862 | D:5      | Reached skill level 8 in Axes
  4027 | D:5      | Reached skill level 5 in Armour
  4175 | D:5      | Found a snail-covered altar of Cheibriados.
  4513 | D:6      | Reached XP level 8. HP: 70/70 MP: 8/8
  4542 | D:6      | Noticed Edmund
  4554 | D:6      | Killed Edmund
  4554 | D:6      | Reached skill level 9 in Axes
  4579 | D:6      | Found a staircase to the Ecumenical Temple.
  4604 | D:6      | Noticed Menkaure
  4611 | D:6      | Killed Menkaure
  4814 | D:6      | Noticed Sigmund
  4819 | D:6      | Killed Sigmund
  4908 | D:6      | Reached skill level 10 in Axes
  4927 | D:6      | Reached XP level 9. HP: 33/81 MP: 9/9
  5098 | D:6      | Noticed Duvessa
  5098 | D:6      | Noticed Dowan
  5113 | D:6      | Killed Duvessa
  5128 | D:6      | Killed Dowan
  5670 | D:7      | Noticed Prince Ribbit
  5681 | D:7      | Killed Prince Ribbit
  5681 | D:7      | Reached skill level 1 in Dodging
  5732 | D:7      | Found a flagged portal.
  5741 | Bailey   | Entered a bailey
  6350 | Bailey   | Reached skill level 11 in Axes
  7160 | D:7      | Reached skill level 5 in Shields
  7174 | D:7      | Reached XP level 10. HP: 89/91 MP: 10/10
  7581 | D:8      | Found a staircase to the Lair.
  7698 | D:5      | Became a worshipper of Cheibriados the Contemplative
  7844 | D:8      | Reached skill level 1 in Invocations
  7864 | D:8      | Noticed a two-headed ogre
  7877 | D:8      | Killed a two-headed ogre
  7877 | D:8      | Reached skill level 5 in Invocations
  8068 | D:8      | Found Fagishro's Magic Scroll Emporium.
  8071 | D:8      | Bought a scroll of identify for 28 gold pieces
  8071 | D:8      | Bought a scroll of identify for 28 gold pieces
  8071 | D:8      | Bought a scroll of holy word for 105 gold pieces
  8071 | D:8      | Bought a scroll of identify for 28 gold pieces
  8071 | D:8      | Bought a scroll of fear for 49 gold pieces
  8071 | D:8      | Bought a scroll of enchant armour for 105 gold pieces
  8179 | D:9      | Found a staircase to the Orcish Mines.
  8299 | D:9      | Reached * piety under Cheibriados
  8538 | D:9      | Reached skill level 1 in Evocations
  8880 | D:10     | Entered Level 10 of the Dungeon
  8888 | D:10     | Reached ** piety under Cheibriados
  8928 | D:10     | Reached XP level 11. HP: 57/99 MP: 17/17
  9226 | D:10     | Reached skill level 5 in Evocations
  9603 | D:10     | Reached skill level 10 in Invocations
  9623 | D:10     | Killed an unseen horror
  9791 | D:10     | Reached *** piety under Cheibriados
  9868 | D:10     | Noticed a two-headed ogre
  9878 | D:10     | Killed a two-headed ogre
  9998 | D:10     | Found Cahoy's Distillery.
 10370 | D:11     | Noticed a brown ugly thing
 10374 | D:11     | Noticed a red ugly thing
 10386 | D:10     | Killed a brown ugly thing
 10386 | D:10     | Reached XP level 12. HP: 90/106 MP: 15/21
 10545 | D:11     | Noticed a two-headed ogre
 10550 | D:11     | Killed a two-headed ogre
 10555 | D:11     | Reached **** piety under Cheibriados
 10679 | D:11     | Noticed a four-headed hydra
 10683 | D:11     | Killed a four-headed hydra
 10753 | D:11     | Noticed a four-headed hydra
 10762 | D:11     | Killed a six-headed hydra
 11310 | D:11     | Noticed Grum
 11318 | D:11     | Killed Grum
 11410 | D:12     | Reached skill level 10 in Fighting
 11426 | D:12     | Reached skill level 12 in Axes
 11594 | D:12     | Found a gate leading to a gauntlet.
 11602 | Gauntlet | Entered a Gauntlet
 11602 | Gauntlet | Found a transporter.
 11611 | Gauntlet | Noticed a queen ant
 11612 | Gauntlet | Found a transporter.
 11614 | Gauntlet | Found a transporter.
 11616 | Gauntlet | Found a transporter.
 11646 | Gauntlet | Found a transporter.
 11648 | Gauntlet | Found a transporter.
 11662 | Gauntlet | Found a transporter.
 11680 | Gauntlet | Found a transporter.
 11687 | Gauntlet | Found a transporter.
 11712 | Gauntlet | Found a transporter.
 11723 | Gauntlet | Noticed a thrashing horror
 11726 | Gauntlet | Found a transporter.
 11735 | Gauntlet | Noticed a thrashing horror
 11738 | Gauntlet | Found a transporter.
 11750 | Gauntlet | Found a transporter.
 11750 | Gauntlet | Noticed a catoblepas
 11778 | Gauntlet | Identified the ring "Dibrot" {*Corrode rElec rN++ Str-5
                  | Int+4}
 11780 | Gauntlet | Found a transporter.
 11788 | Gauntlet | Found a large runed translucent door.
 11789 | Gauntlet | Found a large runed translucent door.
 11790 | Gauntlet | Found a large runed translucent door.
 11790 | Gauntlet | Found a large runed translucent door.
 11791 | Gauntlet | Found a runed translucent gate.
 11792 | Gauntlet | Found a transporter.
 11792 | Gauntlet | Found a runed translucent gate.
 11792 | Gauntlet | Noticed a cacodemon
 11793 | Gauntlet | Found a runed translucent gate.
 11794 | Gauntlet | Found a large runed translucent door.
 11794 | Gauntlet | Found a large runed translucent door.
 11794 | Gauntlet | Found a runed translucent door.
 11794 | Gauntlet | Found a runed translucent door.
 11795 | Gauntlet | Found a large runed translucent door.
 11796 | Gauntlet | Found a large runed translucent door.
 11798 | Gauntlet | Found a transporter.
 11800 | Gauntlet | Found a transporter.
 11815 | Gauntlet | Found a large runed translucent door.
 11816 | Gauntlet | Found a large runed translucent door.
 11817 | Gauntlet | Found a large runed translucent door.
 11827 | Gauntlet | Found a large runed translucent door.
 11828 | Gauntlet | Found a large runed translucent door.
 11828 | Gauntlet | Found a large runed translucent door.
 11829 | Gauntlet | Found a large runed translucent door.
 11830 | Gauntlet | Found a large runed translucent door.
 11854 | Gauntlet | Found a transporter.
 11911 | Gauntlet | Reached ***** piety under Cheibriados
 11922 | Gauntlet | Killed a queen ant
 12340 | Gauntlet | Got a pair of shimmering gloves
 12351 | Gauntlet | Identified the +1 pair of gloves of the Tarantula {Str-3
                  | Int+4 Dex+5} (You found it in a Gauntlet)
 12498 | Gauntlet | Got a smoking cloak
 12509 | Gauntlet | Identified the +2 cloak "Voeryu" {Regen+ Int-3 Dex+4} (You
                  | found it in a Gauntlet)
 12539 | Gauntlet | Noticed a minotaur
 12554 | Gauntlet | Killed a minotaur
 12685 | D:12     | Found an ornate altar of the Wu Jian Council.
 12707 | D:12     | Noticed a two-headed ogre
 12707 | D:12     | Noticed a death knight
 12721 | D:12     | Killed a death knight
 12721 | D:12     | Reached XP level 13. HP: 86/116 MP: 23/23
 12726 | D:12     | Reached skill level 13 in Axes
 12727 | D:12     | Found a large runed door.
 12732 | D:12     | Found a large runed door.
 12765 | D:12     | Noticed a tengu reaver
 12769 | D:12     | Noticed a shadow dragon
 12775 | D:12     | Killed a tengu reaver
 12786 | D:12     | Killed a shadow dragon
 12917 | D:12     | Found a stormy altar of Qazlal.
 12920 | D:12     | Found a shimmering altar of Xom.
 13229 | Orc:1    | Entered Level 1 of the Orcish Mines
 13419 | Orc:1    | Reached skill level 15 in Invocations
 13596 | Orc:1    | Reached skill level 14 in Axes
 13753 | Orc:1    | Noticed a fire giant
 13758 | Orc:1    | Noticed an ettin
 13769 | Orc:1    | Killed a fire giant
 13772 | Orc:1    | Killed an ettin
 13865 | Orc:1    | Found the +6 shillelagh "Devastator" {shatter}
 13865 | Orc:1    | Found the +8 trident of the Octopus King {venom, rElec
                  | rPois MR+}
 13901 | Orc:1    | Found the +8 lance "Wyrmbane" {slay drac, rPois rF+ rC+
                  | AC+3}
 13903 | Orc:1    | Got a spiked scale mail
 13923 | Orc:1    | Identified the +1 scale mail "Xulak" {Dex+3} (You found it
                  | on level 1 of the Orcish Mines)
 14012 | Orc:1    | Noticed Josephine
 14023 | Orc:1    | Killed Josephine
 14048 | Orc:1    | Found a roughly hewn altar of Beogh.
 14172 | Orc:1    | Noticed a stone giant
 14174 | Orc:1    | Noticed Gastronok
 14184 | Orc:1    | Killed a stone giant
 14184 | Orc:1    | Reached XP level 14. HP: 88/126 MP: 19/25
 14192 | Orc:1    | Killed Gastronok
 14678 | Orc:2    | Entered Level 2 of the Orcish Mines
 14690 | Orc:2    | Paralysed by an orc sorcerer for 7 turns
 14742 | Orc:2    | Reached skill level 5 in Dodging
 14780 | Orc:2    | Noticed an orc warlord
 14967 | Lair:1   | Entered Level 1 of the Lair of Beasts
 15379 | Lair:1   | Reached ****** piety under Cheibriados
 16115 | Lair:2   | Reached skill level 10 in Armour
 16498 | Lair:2   | Identified the Guide on Enchantment and Unholy Arts
 17626 | Lair:4   | Found a staircase to the Snake Pit.
 17696 | Lair:4   | Reached skill level 10 in Shields
 17700 | Lair:4   | Reached XP level 15. HP: 128/133 MP: 26/26
 17842 | Lair:4   | Found a staircase to the Swamp.
 18758 | Lair:5   | Found a staircase to the Slime Pits.
 19491 | Lair:6   | Entered Level 6 of the Lair of Beasts
 20026 | Lair:6   | Got a fine chain mail
 20370 | Lair:5   | Identified the +2 chain mail of the Wilderness {Str+2} (You
                  | found it on level 6 of the Lair of Beasts)
 20829 | Lair:6   | Reached skill level 15 in Axes
 21020 | Lair:6   | Noticed Snorg
 21032 | Lair:6   | Killed Snorg
 21141 | Lair:6   | Reached XP level 16. HP: 137/144 MP: 27/27
 21224 | Lair:6   | Got a black opal-encrusted chain mail
 21235 | Lair:6   | Identified the cursed +0 chain mail of the Harvest Moon
                  | {*Drain rElec Int+2 Stlth+} (You found it on level 6 of the
                  | Lair of Beasts)
 21443 | Swamp:1  | Entered Level 1 of the Swamp
 21611 | Swamp:1  | Learned a level 1 spell: Apportation
 21615 | Swamp:1  | Learned a level 3 spell: Lesser Beckoning
 21622 | Swamp:1  | Reached skill level 1 in Translocations
 22140 | Swamp:2  | Noticed a tentacled monstrosity
 22149 | Swamp:2  | Killed a tentacled monstrosity
 22423 | Swamp:2  | Reached skill level 5 in Translocations
 23436 | Swamp:2  | Upgraded the game from 0.23-a0-839-g6d2b917 to
                  | 0.23-a0-890-gc183402
 23506 | Swamp:3  | Found a frozen archway.
 23517 | IceCv    | Entered an ice cave
 23867 | IceCv    | Noticed an Ice Fiend
 23867 | IceCv    | Noticed an Ice Fiend
 23885 | IceCv    | Killed an Ice Fiend
 23896 | IceCv    | HP: 1/144 [Ice Fiend/bolt of cold (12)]
 23897 | IceCv    | Killed an Ice Fiend
 24376 | IceCv    | Got a warped demon whip
 24377 | IceCv    | Identified the +7 demon whip "Impbane" {antimagic, rF++}
                  | (You found it in an ice cave)
 24868 | Swamp:3  | Reached XP level 17. HP: 124/151 MP: 28/28
 25771 | Swamp:4  | Entered Level 4 of the Swamp
 26114 | Swamp:4  | Reached skill level 16 in Axes
 26306 | Swamp:4  | Noticed the 27-headed Lernaean hydra
 26635 | Swamp:4  | Killed the 27-headed Lernaean hydra
 26668 | Swamp:4  | Got a decaying rune of Zot
 27099 | Lair:4   | Upgraded the game from 0.23-a0-890-gc183402 to
                  | 0.23-a0-899-gbbae0a3
 27158 | Snake:1  | Entered Level 1 of the Snake Pit
 27371 | Snake:1  | Noticed Rupert
 27379 | Snake:1  | Killed Rupert
 27484 | Snake:1  | Noticed Kirke
 27497 | Snake:1  | Killed Kirke
 28436 | Snake:2  | Reached skill level 15 in Fighting
 28436 | Snake:2  | Reached XP level 18. HP: 155/163 MP: 29/29
 28489 | Snake:2  | Reached skill level 10 in Translocations
 28489 | Snake:2  | Reached skill level 17 in Axes
 28985 | Snake:2  | Found Voxtysk's Book Shop.
 28989 | Snake:2  | Bought a manual of Axes for 1766 gold pieces
 29971 | Snake:4  | Entered Level 4 of the Snake Pit
 30028 | Snake:4  | Reached skill level 18 in Axes
 30295 | Snake:3  | Reached skill level 15 in Armour
 30779 | Snake:4  | Reached XP level 19. HP: 170/172 MP: 30/30
 30815 | Snake:4  | Reached skill level 19 in Axes
 31111 | Snake:4  | Found a runed translucent door.
 31116 | Snake:4  | Noticed feelmyfire's ghost (adept TrAr)
 31143 | Snake:4  | Killed feelmyfire's ghost
 31531 | Snake:4  | Got a serpentine rune of Zot
 31717 | Snake:4  | Identified the +2 helmet of Cyed {+Inv Stlth+} (You found
                  | it on level 4 of the Snake Pit)
 32409 | Orc:2    | Found a staircase to the Elven Halls.
 32751 | Orc:2    | Found Kyump's Gadget Emporium.
 32754 | Orc:2    | Found Jiple's Magic Scroll Emporium.
 32755 | Orc:2    | Found Luzeq's Armour Emporium.
 32756 | Orc:2    | Found Ruczeat's Gadget Shoppe.
 32942 | Elf:1    | Entered Level 1 of the Elven Halls
 33116 | Elf:1    | Reached skill level 20 in Axes
 33319 | Elf:1    | Noticed Asterion
 33337 | Elf:1    | Killed Asterion
 34039 | Elf:1    | Noticed Louise
 34055 | Elf:1    | Killed Louise
 34407 | D:13     | Noticed Sonja
 34409 | D:13     | Killed Sonja
 34437 | D:13     | Noticed Nessos
 34443 | D:13     | Killed Nessos
 34805 | D:13     | Found a gate to the Vaults.
 35335 | D:14     | Reached skill level 21 in Axes
 35344 | D:14     | Found the +4 robe of Augmentation {Str+4 Int+4 Dex+4}
 35572 | D:14     | Found Nolyv's Assorted Antiques.
 35580 | D:14     | Bought a leatherbound book for 585 gold pieces
 35580 | D:14     | Bought a scroll of blinking for 292 gold pieces
 35580 | D:14     | Bought a scroll of identify for 78 gold pieces
 35582 | D:14     | Learned a level 1 spell: Summon Butterflies
 35925 | D:15     | Entered Level 15 of the Dungeon
 36043 | D:15     | Reached XP level 20. HP: 184/184 MP: 31/31
 36216 | D:15     | Reached skill level 1 in Summonings
 36519 | D:15     | Found a portal to a secret trove of treasure.
 36614 | D:15     | Found a staircase to the Depths.
 36973 | Vaults:1 | Entered Level 1 of the Vaults
 37290 | Vaults:1 | Reached skill level 22 in Axes
 37555 | Vaults:1 | Found a radiant altar of Vehumet.
 37566 | Vaults:1 | Found Cacaalo's Weapon Emporium.
 38010 | Vaults:2 | Noticed Sojobo
 38023 | Vaults:2 | Killed Sojobo
 38023 | Vaults:2 | Reached skill level 5 in Summonings
 38116 | Vaults:2 | Found a flickering gateway to a bazaar.
 38133 | Bazaar   | Entered a bazaar
 38133 | Bazaar   | Found Enolodwu's Distillery.
 38133 | Bazaar   | Found Zouz's Armour Shop.
 38133 | Bazaar   | Found Begebruf's General Store.
 38135 | Bazaar   | Found Ziarryob's General Store.
 38135 | Bazaar   | Found Bioqul's Food Shoppe.
 38169 | Bazaar   | Bought a potion of agility for 72 gold pieces
 38169 | Bazaar   | Bought a potion of heal wounds for 90 gold pieces
 38169 | Bazaar   | Bought 2 potions of agility for 144 gold pieces
 38169 | Bazaar   | Bought a potion of heal wounds for 90 gold pieces
 38369 | Vaults:2 | Reached skill level 23 in Axes
 38461 | Vaults:2 | Found a staircase to the Crypt.
 38539 | Vaults:2 | Noticed Margery
 38554 | Vaults:2 | Killed from afar by Margery

Vault maps used:
D:1:      doesnt_arrival_eight_statues, corner_web_ring,
          hangedman_abyss_or_decor_lesser_grid, minmay_misc_feat_more_columns
D:3:      cheibrodos_greedy_goblins, minmay_overflow_temple_star_quad, tgw_xom,
          chequers_ecumenical_altar_grove, first_ration
D:4:      minmay_angry_zag, serial_shops, nicolae_shop_trees, nrook_uturn,
          solitary_fountain
D:5:      kennysheep_mini, lemuel_round_altar
D:6:      minmay_temple_entry_butterflies, uniq_edmund, uniq_sigmund,
          uniq_duvessa, uniq_menkaure
D:7:      enter_bailey_6, uniq_prince_ribbit1
D:8:      lair_entry_dummy, serial_shops, nicolae_shop_behind_doors
D:9:      orc_0_dummy
D:10:     serial_shops, shop_statue, grunt_livestock
D:11:     nrook_mini_backslash, hangedman_decor_growths, uniq_grum
D:12:     gauntlet_entry_generic, basic_altar, jmf_multi_god_temple2
D:13:     david_vaults_5, uniq_sonja, uniq_nessos
D:14:     minmay_mutant_horseshoe, serial_bayou_shore_a, serial_shops, shop
D:15:     hangedman_depths_entry_try_elsewhere_first,
          roderic_lattice_octagonal_star, enter_trove_0
Lair:1:   nicolae_volcano_entry_s_turn, beast_lair_carwin_4
Lair:2:   grunt_megastairs_1
Lair:3:   fungi_pond_lemuel, minmay_shattered_shrine
Lair:4:   wad_woods_structure_01, nicolae_swamp_entry_splash_gauntlet,
          guppyfry_snake_entry_island, grunt_forest_large_clearings
Lair:5:   nicolae_slime_entry_slimehenge, chequers_serial_rivers_room_b,
          serial_bayou_shore_b
Lair:6:   guppyfry_lair_end_dragon, hangedman_lair_caniforms_friends,
          bobbens_dragon_lair_wall, infiniplex_staircase_pool,
          grunt_megastairs_3, uniq_snorg
Swamp:1:  wheals_swamp_sinkhole
Swamp:2:  hangedman_swamp_cone
Swamp:3:  portal_ice_cave_entry_ugly_swarm, nicolae_swamp_dense_foliage,
          swamp_pool2, st_shrine_of_shade
Swamp:4:  grunt_swamp_rune_castle
Snake:1:  uniq_kirke, uniq_rupert
Snake:2:  serial_shops, shop_statue
Snake:4:  snake_pit, ebering_ghost_reflecting_pool,
          nrook_guardian_serpent_ordinary, serial_bayou_shore_b
Orc:1:    giant_chief_lemuel, basic_altar, uniq_josephine, uniq_gastronok
Orc:2:    st_orc_pillars
Elf:1:    elf_arrival_002, minivault_28, uniq_louise, uniq_asterion
Vaults:1: v_misc_2, vaults_room_fancy_cross, hangedman_vaults_river_flow,
          nicolae_vaults_rhombus_6, v_misc_3, nicolae_vaults_circle_grid_a,
          hangedman_vaults_trim, serial_shops, shop, basic_altar
Vaults:2: v_alt_pattern_4, vaults_dpeg_diagonal, ontoclasm_vaults_fault,
          minmay_crypt_entry_simple_sparse, nicolae_vaults_little_squares_2,
          hangedman_vaults_stagger, v_misc_28, vaults_room_grid,
          nicolae_vaults_quartermaster, grunt_vaults_focal,
          ontoclasm_vaults_chip, vaults_standard_mumra_x, vaults_room_corners,
          serial_shops, bzr_entry_islet, uniq_mara, uniq_margery, uniq_sojobo
Bazaar:   bazaar_minmay_generic_island
Bailey:   bailey_axe_1, bailey
IceCv:    ice_cave_small_demon
Gauntlet: gammafunk_gauntlet_one_two_three

Skill      XL: |  1  2  3  4  5  6  7  8  9 10 11 12 13 14 15 16 17 18 19 20 |
---------------+-------------------------------------------------------------+-----
Axes           | 3 4 5 6 7 8 10 11 12 14 15 16 18 21 23 | 23.1
Fighting       | 4 5 6 7 9 11 12 13 15 16 17 | 17.0
Armour         | 4 5 7 8 11 12 14 15 16 17 | 17.6
Dodging        | 2 3 4 7 |  7.5
Shields        | 5 7 10 11 | 11.9
Invocations    | 8 12 14 15 | 15.3
Evocations     | 3 7 9 |  9.1
Translocations | 8 9 10 11 | 11.6
Summonings     | 6 |  6.8

Action                   |  1- 3 |  4- 6 |  7- 9 | 10-12 | 13-15 | 16-18 | 19-21 || total
-------------------------+-------+-------+-------+-------+-------+-------+-------++-------
Melee: War axe           |    77 |   218 |   329 |   506 |    82 |       |       ||  1212
       Headbutt          |       |     6 |    71 |   135 |   250 |   401 |   271 ||  1134
       Broad axe         |       |       |       |       |   661 |   938 |   808 ||  2407
       Eveningstar       |       |       |       |       |     6 |   150 |       ||   156
       Demon whip        |       |       |       |       |       |    34 |       ||    34
Throw: Javelin           |       |       |       |       |     2 |     5 |     1 ||     8
 Cast: Apportation       |       |       |       |       |       |     2 |       ||     2
       Lesser Beckoning  |       |       |       |       |       |     7 |     4 ||    11
Invok: Bend Time         |       |       |       |     5 |     4 |     2 |       ||    11
       Slouch            |       |       |       |       |     7 |     7 |     5 ||    19
       Step From Time    |       |       |       |       |       |     1 |       ||     1
Evoke: Wand              |       |       |       |    23 |    40 |    27 |       ||    90
  Use: Scroll            |     7 |     7 |     9 |    11 |    10 |    11 |     2 ||    57
       Potion            |       |     1 |     7 |     1 |     4 |     8 |       ||    21
 Stab: Invisible         |       |     1 |       |       |       |       |       ||     1
       Distracted        |       |       |       |       |       |       |     1 ||     1
  Eat: Chunk             |       |     6 |     7 |     6 |    10 |     2 |     9 ||    40
       Ration            |       |     1 |     1 |     3 |     2 |     6 |     2 ||    15
Armor: Scale mail        |    52 |    25 |       |       |    97 |       |       ||   174
       Chain mail        |       |   100 |   113 |   165 |    90 |    89 |       ||   557
       Crystal plate arm |       |       |       |       |       |   697 |   260 ||   957
Dodge: Dodged            |    33 |    65 |   104 |   173 |   448 |   879 |   355 ||  2057
Block: Shield            |    37 |   122 |   175 |   275 |   657 |  1224 |   616 ||  3106

Table legend:
 A = Non-vault XP
 B = Vault XP
 C = Vault XP percentage of total XP
 D = Non-vault monster count
 E = Vault monster count
 F = Vault count percentage of total count
                 A         B        C        D         E       F
            +---------+---------+-------+---------+---------+-------
      Total |  253785 |  232490 |  47.8 |     915 |     559 |  37.9
            +---------+---------+-------+---------+---------+-------
        D:1 |      21 |       0 |   0.0 |      13 |       0 |   0.0
        D:2 |     114 |       0 |   0.0 |      20 |       0 |   0.0
        D:3 |      81 |      56 |  40.9 |      26 |      10 |  27.8
        D:4 |     291 |      39 |  11.8 |      22 |       4 |  15.4
        D:5 |     564 |       0 |   0.0 |      21 |       0 |   0.0
        D:6 |     828 |     780 |  48.5 |      18 |       5 |  21.7
        D:7 |     966 |     274 |  22.1 |      15 |       1 |   6.2
        D:8 |    1714 |       0 |   0.0 |      26 |       0 |   0.0
        D:9 |    2408 |       0 |   0.0 |      31 |       0 |   0.0
       D:10 |    9507 |     974 |   9.3 |      55 |       5 |   8.3
       D:11 |    5737 |     651 |  10.2 |      34 |       5 |  12.8
       D:12 |    2763 |    6649 |  70.6 |      16 |       6 |  27.3
       D:13 |    8101 |    3721 |  31.5 |      31 |       7 |  18.4
       D:14 |    7686 |    4845 |  38.7 |      17 |       4 |  19.0
       D:15 |    5662 |    3088 |  35.3 |      17 |       4 |  19.0
     Lair:1 |    4378 |    1403 |  24.3 |      23 |       5 |  17.9
     Lair:2 |    9353 |       0 |   0.0 |      25 |       0 |   0.0
     Lair:3 |    6269 |    3438 |  35.4 |      20 |      10 |  33.3
     Lair:4 |    1774 |    6991 |  79.8 |       9 |      40 |  81.6
     Lair:5 |    3962 |     107 |   2.6 |      15 |       5 |  25.0
     Lair:6 |    7630 |   23524 |  75.5 |      24 |      95 |  79.8
    Swamp:1 |   14572 |       0 |   0.0 |      41 |       0 |   0.0
    Swamp:2 |   14328 |       0 |   0.0 |      37 |       0 |   0.0
    Swamp:3 |   14209 |    8181 |  36.5 |      31 |      19 |  38.0
    Swamp:4 |   10649 |   21986 |  67.4 |      27 |      33 |  55.0
    Snake:1 |   10410 |    5731 |  35.5 |      21 |       4 |  16.0
    Snake:2 |   23872 |       0 |   0.0 |      51 |       0 |   0.0
    Snake:3 |   19971 |    6315 |  24.0 |      38 |       9 |  19.1
    Snake:4 |   15751 |   30570 |  66.0 |      32 |      39 |  54.9
      Orc:1 |    4086 |   16154 |  79.8 |      33 |      33 |  50.0
      Orc:2 |    4813 |    9541 |  66.5 |      44 |      66 |  60.0
      Elf:1 |    9731 |   14018 |  59.0 |      15 |      19 |  55.9
   Vaults:1 |   19185 |   11713 |  37.9 |      35 |      15 |  30.0
   Vaults:2 |   12399 |   35434 |  74.1 |      32 |      41 |  56.2
     Bailey |       0 |     862 | 100.0 |       0 |      32 | 100.0
      IceCv |       0 |   11714 | 100.0 |       0 |      30 | 100.0
   Gauntlet |       0 |    3731 | 100.0 |       0 |      13 | 100.0
            +---------+---------+-------+---------+---------+-------
